AoeStats
← 河北彩花

Arena

507697653Analyzed
4v4 RM · 13d ago on Sep 19, 2026· 37m 36s· 8 players
Game mode
Random Map
Map size
Large (8 player)
Population
200
Speed
Normal
Resources
Standard
Victory
Conquest
Starting age
Dark Age
Ending age
Imperial Age
RankedLock teamsTeams togetherTeam positionsShared explorationLock speedFull tech treeHidden civsTurbo modeCheats
Victory
Defeat
🇲🇴 Goths · Macao SAR China
1167
+15
1136
+16
🇺🇸 Persians · United States
1129
+16
🇭🇰 Sicilians · Hong Kong SAR China
1123
+16
🇷🇺 Spanish · Russia
1211
-19
🇬🇧 Byzantines · United Kingdom
1118
-15
🇩🇪 Hindustanis · Germany
1116
-15
🇬🇪 Magyars · Georgia
1091
-14
11VillagerIdle
9:21 Loom
11:08 Feudal Age
16:59 Castle Age
15:44 Stone Mining
15:41 Double-Bit Axe
16:01 Horse Collar
17:11 Gold Mining
17:57 Bow Saw
19:12 Fletching
21:41 Bodkin Arrow
28:26 Imperial Age
26:37 Heavy Plow
28:28 Wheelbarrow
29:02 Ballistics
29:27 Bracer
30:34 Hand Cart
31:12 Padded Archer Armor
32:53 Chemistry
32:23 Murder Holes
33:57 Chemistry
33:47 Gold Shaft Mining
33:29 Forging
33:24 Scale Barding Armor
35:40 Iron Casting
35:26 Chain Barding Armor
35:21 Husbandry
34:42 Heavy Camel Rider
36:53 Two-Man Saw
36:25 Crop Rotation
Luis
5:49 Loom
10:09 Feudal Age
8:24 Loom
17:29 Castle Age
15:47 Double-Bit Axe
15:57 Horse Collar
19:31 Fletching
19:33 Gold Mining
20:07 Bodkin Arrow
22:15 Scale Barding Armor
23:50 Bloodlines
25:18 Husbandry
28:07 Chain Barding Armor
29:16 Wheelbarrow
30:12 Scale Mail Armor
31:05 Heavy Plow
32:00 Bow Saw
32:17 Chain Mail Armor
35:28 Imperial Age
33:21 Forging
33:23 Murder Holes
34:25 Gold Shaft Mining
34:36 Iron Casting
34:41 Stone Mining
35:39 Ballistics
36:00 Hand Cart
35:30 Town Watch
36:49 Iron Casting
36:48 Conscription
37:48 Chemistry
37:05 Squires
36:51 Arson
_Feslboss_21
1:55 Loom
Dante_in_the_deep
10:54 Feudal Age
12:53 Loom
15:49 Castle Age
14:11 Double-Bit Axe
25:30 Scale Barding Armor
26:35 Bloodlines
27:06 Wheelbarrow
31:53 Imperial Age
29:24 Fletching
31:37 Bow Saw
31:44 Corvinian Army
31:43 Horse Collar
32:30 Ballistics
33:21 Bodkin Arrow
33:48 Chain Barding Armor
33:55 Heavy Plow
34:06 Bracer
36:47 Padded Archer Armor
Akkilles
11:14 Feudal Age
15:35 Castle Age
13:59 Double-Bit Axe
14:26 Loom
15:50 Wheelbarrow
18:51 Fletching
23:24 Pikeman
24:14 Scale Mail Armor
26:14 Bow Saw
28:56 Bodkin Arrow
33:38 Imperial Age
31:52 Murder Holes
33:01 Gold Mining
32:54 Horse Collar
37:05 Citadels
37:17 Heavy Plow
河北彩花
0:43 Loom
9:53 Feudal Age
14:11 Castle Age
13:38 Stone Mining
13:38 Double-Bit Axe
18:33 Horse Collar
20:09 Town Watch
22:19 Pikeman
25:39 Wheelbarrow
25:20 Bow Saw
25:34 Gold Mining
27:15 Heavy Plow
27:36 Scale Mail Armor
33:21 Imperial Age
31:45 Hand Cart
31:39 Squires
31:52 Forging
33:37 Chain Mail Armor
33:39 Halberdier
37:16 Iron Casting
38:08 Heavy Plow
Astrologist Mona Megistus
12:15 Feudal Age
13:12 Horse Collar
13:19 Double-Bit Axe
15:23 Loom
18:49 Castle Age
17:06 Town Watch
17:24 Stone Mining
17:25 Gold Mining
17:33 Town Watch
19:28 Wheelbarrow
21:21 Bow Saw
21:13 Heavy Plow
26:39 Fervor
29:53 Imperial Age
27:38 Hand Cart
28:34 Ballistics
28:25 Masonry
28:26 Fortified Wall
31:26 Town Patrol
31:46 Pikeman
32:27 Squires
32:12 Arson
33:46 Stone Shaft Mining
33:23 Forging
33:19 Scale Barding Armor
33:05 Fletching
33:16 Padded Archer Armor
34:19 Chemistry
33:25 Siege Engineers
32:51 Halberdier
34:47 Two-Man Saw
34:19 Crop Rotation
34:18 Conscription
34:19 Ironclad
34:35 Hoardings
33:59 Cavalier
34:49 Bloodlines
35:17 Iron Casting
35:03 Chain Barding Armor
34:40 Bodkin Arrow
35:01 Leather Archer Armor
34:47 Scale Mail Armor
35:25 Crenellations
35:06 Gambesons
35:20 Paladin
37:24 Blast Furnace
37:07 Plate Barding Armor
vic163001
11:12 Feudal Age
11:53 Double-Bit Axe
12:18 Horse Collar
14:51 Castle Age
15:47 Bow Saw
15:40 Heavy Plow
19:53 Wheelbarrow
20:16 Loom
20:18 Town Watch
24:31 Hand Cart
24:51 Bloodlines
24:47 Scale Barding Armor
24:53 Forging
25:12 Husbandry
30:44 Imperial Age
28:53 Chain Barding Armor
29:18 Iron Casting
28:34 Fletching
29:07 Ballistics
28:58 Masonry
28:35 Light Cavalry
30:52 Cavalier
32:08 Plate Barding Armor
33:09 Blast Furnace
32:44 Bodkin Arrow
32:49 Scale Mail Armor
32:50 Padded Archer Armor
33:10 Hauberk
34:45 Gold Mining
34:46 Stone Mining
36:27 Herbal Medicine
37:17 First Crusade
36:17 Elite Serjeant
37:18 Conscription
37:35 Hoardings
37:18 Chain Mail Armor
37:20 Guilds
38:09 Bracer
38:40 Plate Mail Armor
38:26 Leather Archer Armor
Connection lost

Rejoining the realm…

Still unreachable

The connection could not be restored.

Session expired

The server has moved on; the page needs a fresh start.